ESL (28 & UNDER)
WILMINGTON REBELS @ BUFFALO LIGHTSABRES
07/21/2027
 
TOP OF THE 1ST
Wilmington Rebels batting - Pitching for Buffalo LightSabres : LHP Tom Workman
Pitching: LHP Tom Workman
Batting: SHB Charles Alexander 0-0: Ball
1-0: Ball
2-0: Ball
3-0: Called Strike
3-1: Foul Ball, location: 2F
3-2: Base on Balls
Batting: RHB Roy MacCluskie 0-0: Ball
Passed Ball!
Charles Alexander to second
1-0: Foul Ball, location: 2F
1-1: Foul Ball, location: 2F
1-2: Ball
2-2: Strikes out looking
Batting: RHB Enrico Bonizo 0-0: Ball
1-0: Ball
2-0: Ball
3-0: Called Strike
3-1: Base on Balls
Batting: RHB Joey Boyd 0-0: Grounds into double play, 6-4-3 (Groundball, 6)
Top of the 1st over - 0 run(s), 0 hit(s), 0 error(s), 1 left on base; Wilmington 0 - Buffalo 0
BOTTOM OF THE 1ST
Buffalo LightSabres batting - Pitching for Wilmington Rebels : RHP Alex Stanford
Pitching: RHP Alex Stanford
Batting: SHB Manuel Jiménez 0-0: DOUBLE (Line Drive, 7LS)
Batting: SHB Jason Mason 0-0: Ball
1-0: Ball
2-0: Fly out, F8 (Flyball, 78M)
Batting: RHB Júlio López 0-0: Ball
1-0: Ball
2-0: Ground out 5-3 (Groundball, 5)
Batting: SHB Barrett Bowden 0-0: Called Strike
0-1: Ball
1-1: Ball
2-1: Called Strike
2-2: Strikes out swinging
Bottom of the 1st over - 0 run(s), 1 hit(s), 0 error(s), 1 left on base; Wilmington 0 - Buffalo 0
TOP OF THE 2ND
Wilmington Rebels batting - Pitching for Buffalo LightSabres : LHP Tom Workman
Batting: RHB Francisco Tańón 0-0: Swinging Strike
0-1: SINGLE (Groundball, 56D)
Batting: LHB Chandler Hubbard 0-0: Ball
1-0: Called Strike
1-1: Foul Ball, location: 2F
1-2: Ball
2-2: Strikes out swinging
Batting: LHB Denny Poole 0-0: Called Strike
0-1: Foul Ball, location: 2F
0-2: Ball
1-2: DOUBLE (Groundball, 3L)
Francisco Tańón to third
Batting: RHB Al Reese 0-0: Called Strike
0-1: Ground out 6-3 (Groundball, 6)
Francisco Tańón scores
Batting: LHB David Cháves 0-0: Foul Ball, location: 2F
0-1: Ball
1-1: Foul Ball, location: 2F
1-2: Fly out, F2 (Popup, 23)
Top of the 2nd over - 1 run(s), 2 hit(s), 0 error(s), 1 left on base; Wilmington 1 - Buffalo 0
BOTTOM OF THE 2ND
Buffalo LightSabres batting - Pitching for Wilmington Rebels : RHP Alex Stanford
Batting: LHB Craig Kenney 0-0: Reached on error, E5 (Groundball, 56)
Batting: SHB Javier Jiménez 0-0: Called Strike
0-1: Foul Ball, location: 2F
0-2: Ball
1-2: Ball
2-2: DOUBLE (Line Drive, 8RD)
Craig Kenney scores
Batting: RHB Ramăo Almana 0-0: Called Strike
0-1: Foul Ball, location: 2F
0-2: Foul Ball, location: 2F
0-2: Ball
1-2: Ground out 1-3 (Groundball, 15)
Batting: RHB Armando Gusmán 0-0: Foul Ball, location: 2F
0-1: Swinging Strike
0-2: Strikes out looking
Batting: RHB Mario Solís 0-0: Ball
Passed Ball!
Javier Jiménez to third
1-0: 2-RUN HOME RUN (Flyball, 7LD), Distance : 338 ft
Batting: SHB Manuel Jiménez 0-0: Called Strike
0-1: Ball
1-1: Ball
2-1: Ball
3-1: Called Strike
3-2: Strikes out looking
Bottom of the 2nd over - 3 run(s), 2 hit(s), 1 error(s), 0 left on base; Wilmington 1 - Buffalo 3
TOP OF THE 3RD
Wilmington Rebels batting - Pitching for Buffalo LightSabres : LHP Tom Workman
Batting: SHB Charles Alexander 0-0: Called Strike
0-1: Ball
1-1: Ball
2-1: Ball
3-1: Base on Balls
Batting: RHB Roy MacCluskie 0-0: Called Strike
0-1: DOUBLE (Groundball, 3L)
Charles Alexander to third
Batting: RHB Enrico Bonizo 0-0: Ball
1-0: Foul Ball, location: 2F
1-1: Ball
2-1: Swinging Strike
2-2: Fly out, F7 (Line Drive, 7)
Runner from 3rd tags up, OUT at HOME
Roy MacCluskie to third
Batting: RHB Joey Boyd 0-0: Ball
1-0: Ball
2-0: Ball
3-0: Base on Balls
Batting: RHB Francisco Tańón 0-0: Ball
1-0: Ball
2-0: Called Strike
2-1: Ball
3-1: Base on Balls
Joey Boyd to second
Batting: LHB Chandler Hubbard 0-0: Fly out, F7 (Flyball, 7S)
Top of the 3rd over - 0 run(s), 1 hit(s), 0 error(s), 3 left on base; Wilmington 1 - Buffalo 3
BOTTOM OF THE 3RD
Buffalo LightSabres batting - Pitching for Wilmington Rebels : RHP Alex Stanford
Batting: SHB Jason Mason 0-0: Swinging Strike
0-1: Foul Ball, location: 2F
0-2: Ball
1-2: Ball
2-2: Foul Ball, location: 2F
2-2: Fly out, F8 (Line Drive, 8LS)
Batting: RHB Júlio López 0-0: Called Strike
0-1: Foul Ball, location: 2F
0-2: Fly out, F9 (Flyball, 89M)
Batting: SHB Barrett Bowden 0-0: Ground out U3 (Groundball, 34)
Bottom of the 3rd over - 0 run(s), 0 hit(s), 0 error(s), 0 left on base; Wilmington 1 - Buffalo 3
TOP OF THE 4TH
Wilmington Rebels batting - Pitching for Buffalo LightSabres : LHP Tom Workman
Batting: LHB Denny Poole 0-0: Called Strike
0-1: Ball
1-1: Swinging Strike
1-2: Strikes out looking
Batting: RHB Al Reese 0-0: Called Strike
0-1: Ground out 6-3 (Groundball, 6)
Batting: LHB David Cháves 0-0: Foul Ball, location: 2F
0-1: Ball
1-1: Foul Ball, location: 2F
1-2: Ground out 6-3 (Groundball, 6S)
Top of the 4th over - 0 run(s), 0 hit(s), 0 error(s), 0 left on base; Wilmington 1 - Buffalo 3
BOTTOM OF THE 4TH
Buffalo LightSabres batting - Pitching for Wilmington Rebels : RHP Alex Stanford
Batting: LHB Craig Kenney 0-0: Ball
1-0: Foul Ball, location: 2F
1-1: Ball
2-1: SOLO HOME RUN (Flyball, 7D), Distance : 370 ft
Batting: SHB Javier Jiménez 0-0: Called Strike
0-1: Foul Ball, location: 2F
0-2: Ball
1-2: Fly out, F8 (Flyball, 78XD)
Batting: RHB Ramăo Almana 0-0: Called Strike
0-1: Ball
1-1: Ball
2-1: Ball
3-1: Foul Ball, location: 2F
3-2: Base on Balls
Batting: RHB Armando Gusmán 0-0: Ball
1-0: Swinging Strike
1-1: Swinging Strike
1-2: Foul Ball, location: 2F
1-2: Grounds into double play, 4-6-3 (Groundball, 4)
Bottom of the 4th over - 1 run(s), 1 hit(s), 0 error(s), 0 left on base; Wilmington 1 - Buffalo 4
TOP OF THE 5TH
Wilmington Rebels batting - Pitching for Buffalo LightSabres : LHP Tom Workman
Batting: SHB Charles Alexander 0-0: Foul Ball, location: 2F
0-1: Ball
1-1: Fly out, F8 (Line Drive, 89M)
Batting: RHB Roy MacCluskie 0-0: Ball
1-0: Ball
2-0: Ball
3-0: Called Strike
3-1: Called Strike
3-2: Strikes out swinging
Batting: RHB Enrico Bonizo 0-0: Ball
1-0: Ball
2-0: Fly out, F9 (Flyball, 9)
Top of the 5th over - 0 run(s), 0 hit(s), 0 error(s), 0 left on base; Wilmington 1 - Buffalo 4
BOTTOM OF THE 5TH
Buffalo LightSabres batting - Pitching for Wilmington Rebels : RHP Alex Stanford
Batting: RHB Mario Solís 0-0: Foul Ball, location: 2F
0-1: Called Strike
0-2: Foul Ball, location: 2F
0-2: Ball
1-2: Ball
2-2: DOUBLE (Flyball, 7D)
Batting: SHB Manuel Jiménez 0-0: Ground out 4-3 (Groundball, 4S)
Mario Solís to third
Batting: SHB Jason Mason 0-0: Ball
1-0: Fly out, F7 (Flyball, 7S)
Batting: RHB Júlio López 0-0: Swinging Strike
0-1: Swinging Strike
0-2: Strikes out swinging
Bottom of the 5th over - 0 run(s), 1 hit(s), 0 error(s), 1 left on base; Wilmington 1 - Buffalo 4
TOP OF THE 6TH
Wilmington Rebels batting - Pitching for Buffalo LightSabres : LHP Tom Workman
Batting: RHB Joey Boyd 0-0: Ground out 2-3 (Groundball, 2L)
Batting: RHB Francisco Tańón 0-0: Ball
1-0: Foul Ball, location: 2F
1-1: Swinging Strike
1-2: Foul Ball, location: 2F
1-2: Ground out 6-3 (Groundball, 56)
Batting: LHB Chandler Hubbard 0-0: Ball
1-0: Called Strike
1-1: Foul Ball, location: 2F
1-2: Ball
2-2: Ball
3-2: Strikes out swinging
Top of the 6th over - 0 run(s), 0 hit(s), 0 error(s), 0 left on base; Wilmington 1 - Buffalo 4
BOTTOM OF THE 6TH
Buffalo LightSabres batting - Pitching for Wilmington Rebels : RHP Alex Stanford
Batting: SHB Barrett Bowden 0-0: Fly out, F9 (Flyball, 9D)
Batting: LHB Craig Kenney 0-0: Fly out, F8 (Flyball, 8LM)
Batting: SHB Javier Jiménez 0-0: Foul Ball, location: 2F
0-1: SINGLE (Line Drive, 78M)
Batting: RHB Ramăo Almana 0-0: Ball
1-0: Called Strike
1-1: DOUBLE (Flyball, 8LD)
Javier Jiménez to third
Runner from 3rd tries for Home, SAFE, throw made home
Pitching: LHP Juan Cruz
Batting: RHB Armando Gusmán 0-0: Ball
1-0: Foul Ball, location: 2F
1-1: Ball
2-1: Swinging Strike
2-2: Foul Ball, location: 2F
2-2: Ball
3-2: Foul Ball, location: 2F
3-2: Strikes out swinging
Bottom of the 6th over - 1 run(s), 2 hit(s), 0 error(s), 1 left on base; Wilmington 1 - Buffalo 5
TOP OF THE 7TH
Wilmington Rebels batting - Pitching for Buffalo LightSabres : LHP Tom Workman
Batting: LHB Denny Poole 0-0: Ball
1-0: Ball
2-0: SOLO HOME RUN (Line Drive, 9LD), Distance : 339 ft
Batting: RHB Al Reese 0-0: Called Strike
0-1: Ball
1-1: Ball
2-1: Foul Ball, location: 2F
2-2: Strikes out swinging
Pitching: RHP Ángel Uribe
Batting: LHB David Cháves 0-0: Called Strike
0-1: Ball
1-1: Swinging Strike
1-2: Ball
2-2: Foul Ball, location: 2F
2-2: Ball
3-2: Base on Balls
Batting: SHB Charles Alexander 0-0: Swinging Strike
0-1: Called Strike
0-2: Strikes out swinging
Batting: RHB Roy MacCluskie 0-0: Ball
1-0: Called Strike
1-1: Ball
2-1: Ball
3-1: Called Strike
3-2: SINGLE (Groundball, 6MD)
David Cháves to second
David Cháves to third
Batting: RHB Enrico Bonizo 0-0: Foul Ball, location: 2F
0-1: Foul Ball, location: 2F
0-2: Ball
1-2: Ball
2-2: Ball
3-2: Strikes out looking
Top of the 7th over - 1 run(s), 2 hit(s), 0 error(s), 2 left on base; Wilmington 2 - Buffalo 5
BOTTOM OF THE 7TH
Buffalo LightSabres batting - Pitching for Wilmington Rebels : LHP Juan Cruz
Batting: RHB Mario Solís 0-0: Ball
1-0: Ball
2-0: Ball
3-0: Base on Balls
Batting: SHB Manuel Jiménez 0-0: Sac Bunt - play at second, runner OUT! 1-6
Batting: SHB Jason Mason 0-0: Called Strike
0-1: Ball
1-1: Ball
2-1: Ball
3-1: Base on Balls
Manuel Jiménez to second
Batting: RHB Júlio López 0-0: Foul Ball, location: 2F
0-1: Ball
1-1: Ball
2-1: TRIPLE (Line Drive, 8LD)
Manuel Jiménez scores
Jason Mason scores
Pitching: RHP Edgar Martínez
Batting: SHB Barrett Bowden 0-0: Ball
1-0: Ball
2-0: Ball
3-0: Base on Balls
Batting: LHB Craig Kenney 0-0: Ball
Barrett Bowden steals 2nd base
1-0: Ground out U3 (Groundball, 3)
Batting: SHB Javier Jiménez 0-0: Called Strike
0-1: Ball
1-1: Ball
2-1: Fly out, F9 (Flyball, 9LM)
Bottom of the 7th over - 2 run(s), 1 hit(s), 0 error(s), 2 left on base; Wilmington 2 - Buffalo 7
TOP OF THE 8TH
Wilmington Rebels batting - Pitching for Buffalo LightSabres : RHP Ángel Uribe
Now at 2B: Alfredo Villegas
Now at 3B: Abraham Hardy
Now in CF: Merlin Morris
Batting: RHB Joey Boyd 0-0: SINGLE (Groundball, 6D)
Pitching: LHP Mike O'Brien
Batting: RHB Francisco Tańón 0-0: Ball
1-0: Ball
2-0: Called Strike
2-1: Ball
3-1: Base on Balls
Joey Boyd to second
Pitching: RHP Esteban Muńóz
Batting: LHB Chandler Hubbard 0-0: Called Strike
0-1: Foul Ball, location: 2F
0-2: Strikes out swinging
Batting: LHB Denny Poole 0-0: Swinging Strike
0-1: Ball
1-1: Foul Ball, location: 2F
1-2: Ball
2-2: Strikes out swinging
Batting: RHB Al Reese 0-0: Ball
1-0: Called Strike
1-1: Called Strike
1-2: Foul Ball, location: 2F
1-2: Hit by Pitch
Joey Boyd to third
Francisco Tańón to second
Batting: LHB David Cháves 0-0: Swinging Strike
0-1: Ball
1-1: Foul Ball, location: 2F
1-2: SINGLE (Flyball, 8LS)
Joey Boyd scores
Francisco Tańón to third
Al Reese to second
Runner from 3rd tries for Home, SAFE, no throw
Batting: SHB Charles Alexander 0-0: Ball
1-0: Foul Ball, location: 2F
1-1: Ball
2-1: Ball
3-1: Base on Balls
Al Reese to third
David Cháves to second
Batting: RHB Roy MacCluskie 0-0: Swinging Strike
0-1: SINGLE (Flyball, 9LM)
Al Reese scores
David Cháves to third
Charles Alexander to second
Runner from 3rd tries for Home, SAFE, no throw
Pitching: RHP Travis Whitney
Batting: RHB Enrico Bonizo 0-0: Ball
1-0: Ball
2-0: Called Strike
2-1: Ball
3-1: Foul Ball, location: 2F
3-2: Foul Ball, location: 2F
3-2: Base on Balls
Charles Alexander to third
Roy MacCluskie to second
Batting: RHB Joey Boyd 0-0: Fly out, F5 (Line Drive, 56D)
Top of the 8th over - 4 run(s), 3 hit(s), 0 error(s), 3 left on base; Wilmington 6 - Buffalo 7
BOTTOM OF THE 8TH
Buffalo LightSabres batting - Pitching for Wilmington Rebels : RHP Edgar Martínez
Batting: RHB Ramăo Almana 0-0: Called Strike
0-1: Called Strike
0-2: Ball
1-2: Strikes out swinging
Batting: RHB Armando Gusmán 0-0: Foul Ball, location: 2F
0-1: Foul Ball, location: 2F
0-2: Fly out, F6 (Popup, 6D)
Batting: RHB Mario Solís 0-0: Ball
1-0: Fly out, F8 (Line Drive, 89M)
Bottom of the 8th over - 0 run(s), 0 hit(s), 0 error(s), 0 left on base; Wilmington 6 - Buffalo 7
TOP OF THE 9TH
Wilmington Rebels batting - Pitching for Buffalo LightSabres : RHP Travis Whitney
Pitching: RHP Gavin Robbins
Batting: RHB Francisco Tańón 0-0: Foul Ball, location: 2F
0-1: SINGLE (Line Drive, 8LS)
Batting: LHB Chandler Hubbard 0-0: Sac Bunt - play at first, batter OUT! 1-4
Francisco Tańón to second
Batting: LHB Denny Poole 0-0: SINGLE (Flyball, 78M)
Francisco Tańón to third
Runner from 3rd tries for Home, SAFE, no throw
Pinch Hitting: RHB Jessie Thompson 0-0: Called Strike
0-1: Ball
1-1: DOUBLE (Line Drive, 78XD)
Denny Poole to third
Batting: LHB David Cháves 0-0: Intentional Walk
Batting: SHB Charles Alexander 0-0: Swinging Strike
0-1: Called Strike
0-2: Ball
1-2: Ball
2-2: Ball
3-2: Base on Balls
Denny Poole scores
Jessie Thompson to third
David Cháves to second
Pinch Hitting: RHB Javier Martínez 0-0: Ball
1-0: Grounds into fielders choice 3-2 (Groundball, 34S)
David Cháves to third
Charles Alexander to second
Batting: RHB Enrico Bonizo 0-0: Ball
1-0: Called Strike
1-1: SINGLE (Groundball, 6MD)
David Cháves scores
Charles Alexander to third
Javier Martínez to second
Runner from 3rd tries for Home, SAFE, no throw
Batting: RHB Joey Boyd 0-0: Fielders Choice at 2nd, 5-4 (Groundball, 5)
Top of the 9th over - 4 run(s), 4 hit(s), 0 error(s), 1 left on base; Wilmington 10 - Buffalo 7
BOTTOM OF THE 9TH
Buffalo LightSabres batting - Pitching for Wilmington Rebels : RHP Edgar Martínez
Pitching: LHP Edwin King
Now at 2B: Javier Martínez
Now at SS: Stephen Cochran
Batting: SHB Manuel Jiménez 0-0: Ball
1-0: Bunt for hit - play at first, batter OUT! 1-3
Batting: SHB Jason Mason 0-0: Ground out 4-3 (Groundball, 4S)
Batting: RHB Abraham Hardy 0-0: Called Strike
0-1: Swinging Strike
0-2: Strikes out swinging
Bottom of the 9th over - 0 run(s), 0 hit(s), 0 error(s), 0 left on base; Wilmington 10 - Buffalo 7
Thursday, March 30th, 2017 - OOTP Baseball 17.12 Build 75